 Dungeon Crawl Stone Soup version 0.19-a0-1608-g4cf22de (webtiles) character file.

45 Amnesiac the Charlatan (level 3, -1/26 HPs)
             Began as a Mummy Artificer on Sept 17, 2016.
             Slain by an adder (3 damage)
             ... on level 2 of the Dungeon.
             The game lasted 00:01:19 (433 turns).

Amnesiac the Charlatan (Mummy Artificer)             Turns: 433, Time: 00:01:20

Health: -1/26      AC:  3    Str: 15    XL:     3   Next: 42%
Magic:  5/5        EV: 12    Int: 10    God:
Gold:   55         SH:  0    Dex: 13    Spells: 0 memorised, 2 levels left

rFire  x . .     SeeInvis .     f - +0 great sword
rCold  + . .     Gourm    .     b - +0 leather armour
rNeg   + + +     Faith    .     (shield currently unavailable)
rPois  ∞         Spirit   .     (no helmet)
rElec  .         Dismiss  .     (no cloak)
rCorr  .         Reflect  .     (no gloves)
MR     .....     Harm     .     (no boots)
Stlth  +.........               (no amulet)
                                (no ring)
                                (no ring)

@: no status effects
A: no food or potions, fire vulnerability, cold resistance 1, negative energy
resistance 3, torment resistance, unbreathing
a: no special abilities


You were on level 2 of the Dungeon.
You were not hungry.

You visited 1 branch of the dungeon, and saw 2 of its levels.

You collected 55 gold pieces.

Inventory:

Hand Weapons
 a - a +0 short sword
 f - a +0 great sword (weapon)
Armour
 b - a +0 leather armour (worn)
Wands
 c - a wand of flame (15/48)
 d - a wand of enslavement (13/24)
 e - a wand of random effects (14/48)
Scrolls
 g - 2 scrolls of enchant armour {unknown}
 h - a scroll of noise {unknown}


   Skills:
 - Level 1.0 Fighting
 - Level 0.7 Short Blades
 - Level 1.5 Dodging
 - Level 0.7 Stealth
 + Level 3.7 Evocations


You had 2 spell levels left.
You didn't know any spells.

Dungeon Overview and Level Annotations

Branches:
Dungeon (2/15)

Altars:
Vehumet


Innate Abilities, Weirdness & Mutations

You do not eat or drink.
Your flesh is vulnerable to fire.
You are immune to poison.
Your flesh is cold resistant. (rC+)
You are immune to negative energy. (rN+++)
You are immune to unholy pain and torment.
You can survive without breathing.


Message History

Aim: an adder The adder flickers and vanishes!
Deactivating autopickup; reactivate with Ctrl-A.
This wand has 14 charges left.
Something bites you.
* * * LOW HITPOINT WARNING * * *
Evoke which item? (* to show all) (? for menu, Esc to quit)
Zapping:
e - a wand of random effects (14/48)
Press: ? - help, Shift-Dir - straight line, f - you
Okay, then.
Unknown command.
Evoke which item? (* to show all) (? for menu, Esc to quit)
Zapping:
d - a wand of enslavement (15/24)
Press: ? - help, Shift-Dir - straight line Nothing appears to happen.
This wand has 14 charges left.
Something completely misses you.
Evoke which item? (* to show all) (? for menu, Esc to quit)
Zapping:
d - a wand of enslavement (14/24)
Press: ? - help, Shift-Dir - straight line Nothing appears to happen.
This wand has 13 charges left.
Something bites you.
You die...

###'#.......#.......#....#
............# ..... #....#
........#'#.####.####....#
........'.#..............#
........######.#.#........
###....>...................
#......####...........
#......# #...........
#......# #...@.....##
#......# #...{.....#
#......# #.........#
#......# #####.....#
#......# %....# .....#
.....# ##...#


There were no monsters in sight!

Vanquished Creatures
  Jessica (D:2)
  An adder (D:2)
  A worm (D:2)
  3 bats (D:2)
  A hobgoblin (D:2)
  A kobold (D:2)
  A frilled lizard (D:2)
  2 rats (D:2)
11 creatures vanquished.

Notes
Turn   | Place    | Note
-------+----------+-------------------------------------------
     0 | D:1      | Amnesiac the Mummy Artificer began the quest for the Orb.
     0 | D:1      | Reached XP level 1. HP: 15/15 MP: 2/2
    73 | D:2      | Noticed Jessica
    87 | D:2      | Killed Jessica
    87 | D:2      | Reached skill level 3 in Evocations
    87 | D:2      | Reached XP level 2. HP: 13/21 MP: 2/4
   215 | D:2      | Reached XP level 3. HP: 26/26 MP: 5/5
   360 | D:2      | Found a radiant altar of Vehumet.
   433 | D:2      | Slain by an adder

Vault maps used:
D:1:      saegor_arrival_miasma
D:2:      lemuel_tele_altar, uniq_jessica

Skill      XL: |  1 |
---------------+----+-----
Evocations     | 3 |  3.7
Fighting       | |  1.0
Short Blades   | |  0.7
Dodging        | |  1.5
Stealth        | |  0.7

Action                   || total
-------------------------++-------
Melee: Great sword       ||    39
       Short sword       ||     4
Evoke: Wand              ||     3
Armor: Leather armour    ||     8
Dodge: Dodged            ||    32
